 Dungeon Crawl Stone Soup version 0.27-a0-1301-g128193abf8 (webtiles) character file.

Game seed: 1981093411479498708

821 pokeman the Thaumaturge (level 7, -7/39 HPs)
             Began as a Deep Elf Hedge Wizard on June 17, 2021.
             Mangled by an ogre (23 damage)
             ... on level 4 of the Dungeon.
             The game lasted 00:12:06 (5410 turns).

pokeman the Thaumaturge (Deep Elf Hedge Wizard)     Turns: 5410, Time: 00:12:07

Health: -7/39      AC:  3    Str:  7    XL:     7   Next: 63%
Magic:  11/21      EV: 16    Int: 21    God:
Gold:   216        SH:  0    Dex: 14    Spells: 7/23 levels left

rFire    . . .     SeeInvis .   n - +3 scythe (venom)
rCold    . . .     Faith    .   (shield currently unavailable)
rNeg     . . .     Spirit   .   q - +0 leather armour
rPois    .         Reflect  .   c - +0 hat
rElec    .         Harm     .   (no cloak)
rCorr    .         Rampage  .   (no gloves)
Will     .....                  (no boots)
Stlth    ++........             (no amulet)
HPRegen  0.13/turn              x - +4 ring of evasion
MPRegen  0.17/turn              (no ring)

@: no status effects
A: no striking features
a: no special abilities


You were on level 4 of the Dungeon.
You visited 1 branch of the dungeon, and saw 6 of its levels.
You also visited: Sewer.

You collected 216 gold pieces.

Inventory:

Hand Weapons
 g - a +4 dagger of pain
 n - a +3 scythe of venom (weapon)
Missiles
 f - 13 arrows
 j - 27 bolts
Armour
 c - a +0 hat (worn)
 d - a +2 kite shield
 q - a +0 leather armour (worn)
Jewellery
 x - a +4 ring of evasion (left hand)
Wands
 t - a wand of paralysis (4)
Scrolls
 a - 2 scrolls of identify {unknown}
 e - 6 scrolls of teleportation
 h - a scroll of summoning {unknown}
 i - a scroll of amnesia {unknown}
 k - a scroll of magic mapping {unknown}
 l - a scroll of enchant armour {unknown}
 r - a scroll of immolation {unknown}
 v - a scroll of holy word {unknown}
Potions
 b - a potion of degeneration {unknown}
 m - 2 potions of curing {unknown}
 o - a potion of mutation {unknown}
 p - a potion of might {unknown}
 s - 4 potions of flight
 u - a potion of magic {unknown}
 w - a potion of invisibility {unknown}
 z - a potion of attraction {unknown}


   Skills:
 - Level 1.6 Fighting
 - Level 1.7 Armour
 - Level 3.0 Dodging
 - Level 3.2 Stealth
 - Level 1.0 Shields
 * Level 8.5 Spellcasting
 + Level 4.1 Conjurations
 - Level 1.1 Summonings
 - Level 1.0 Necromancy
 - Level 1.1 Translocations
 - Level 1.0 Fire Magic
 - Level 1.0 Air Magic
 + Level 1.7 Earth Magic
 + Level 0.5 Evocations


You had 7 spell levels left.
You knew the following spells:

 Your Spells              Type           Power      Damage    Failure   Level
a - Magic Dart            Conj           100%       1d8       1%          1
b - Mephitic Cloud        Conj/Pois/Air  16%        N/A       16%         3
c - Call Imp              Summ           13%        N/A       11%         2
d - Blink                 Tloc           N/A        N/A       11%         2
e - Conjure Flame         Conj/Fire      19%        6-21      12%         3
f - Bolt of Magma         Conj/Fire/Erth 9%         4d7       75%         5

Your spell library contained the following spells:

 Spells                   Type           Power      Damage    Failure   Level
 Slow                     Hex            8%         N/A       17%         2
 Iskenderun's Battlesphe  Conj           26%        2d8       50%         5
 Iron Shot                Conj/Erth      10%        9d3       99%         6
 Orb of Destruction       Conj           13%        9d6       100%        7
 Spellforged Servitor     Conj/Summ      10%        N/A       100%        7


Dungeon Overview and Level Annotations

Branches:
Dungeon (6/15)              Sewer (visited)
 Temple: D:4-7

Altars:

Shops:
D:5 !

Annotations:
D:6 Menkaure


Message History

Press: ? - help, Shift-Dir - straight line, f/p - ogre
Aim: an ogre, wielding a +0 giant spiked club (severely wounded, chance to affect: 77%)
The ball explodes into a vile cloud!
The stinking cloud engulfs the ogre but does no damage.
The ogre is severely wounded.
The ogre is engulfed in noxious fumes.
Unknown command.
Reach: n) +3 scythe (venom)
Press: ? - help, Dir - move target, f/p - ogre
Aim: an ogre, wielding a +0 giant spiked club (severely wounded, about 30% to evade your +3 scythe of venom)
You barely miss the ogre.
The ogre is severely wounded.
The ogre misses you. The ogre closely misses you.
Casting: Mephitic Cloud (quite dangerous; 16% risk of failure)
Confirm with . or Enter, or press ? or * to list all spells.
Aiming: Magic Dart (safe; 1% risk of failure)
Press: ? - help, Shift-Dir - straight line, f/p - ogre
Aim: an ogre, wielding a +0 giant spiked club (severely wounded, 100% to hit)
The magic dart hits the ogre but does no damage.
The ogre is severely wounded.
Unknown command.
Casting: Magic Dart (safe; 1% risk of failure)
Confirm with . or Enter, or press ? or * to list all spells.
Aiming: Magic Dart (safe; 1% risk of failure)
Press: ? - help, Shift-Dir - straight line, f/p - ogre
Aim: an ogre, wielding a +0 giant spiked club (severely wounded, 100% to hit)
The magic dart hits the ogre.
The ogre is almost dead.
The ogre hits you with a +0 giant spiked club!!
Unknown command.
Casting: Magic Dart (safe; 1% risk of failure)
Confirm with . or Enter, or press ? or * to list all spells.
Aiming: Magic Dart (safe; 1% risk of failure)
Press: ? - help, Shift-Dir - straight line, f/p - ogre
Aim: an ogre, wielding a +0 giant spiked club (almost dead, 100% to hit)
The magic dart hits the ogre.
The ogre is almost dead.
The ogre hits you with a +0 giant spiked club!!
Ouch! That really hurt!
You die...

#...# #.....
...##.........#
#..#........).#
.............#
###?..........
#............ .
.......#..##...
#...#.......
..###@..#
..)....O.<#
#.......°.......†
##....[...##.....
##....#### ...#
#...$ ... ......
.. ..$..( . ...


You could see an ogre.

Vanquished Creatures
  Grinder (D:3)
  Sigmund (D:2)
  A wyvern zombie (D:4)
  A water moccasin zombie (D:5)
  A hound (D:5)
  Jessica (D:3)
  A scorpion zombie (D:5)
  2 merfolk sirens (Sewer)
  A merfolk avatar (Sewer)
  9 adders
  2 river rats (Sewer)
  3 worms
  A dart slug (D:1)
  10 bats
  2 endoplasms
  5 giant cockroaches
  5 goblins
  9 hobgoblins
  10 jackals
  5 kobolds
  3 quokkas
  10 ball pythons
  9 frilled lizards
  27 rats
120 creatures vanquished.

Notes
Turn   | Place    | Note
-------+----------+-------------------------------------------
     0 | D:1      | pokeman the Deep Elf Hedge Wizard began the quest for the
                  | Orb.
     0 | D:1      | Reached XP level 1. HP: 10/10 MP: 7/7
   296 | D:1      | Reached XP level 2. HP: 15/15 MP: 5/9
  1060 | D:1      | Reached skill level 5 in Spellcasting
  1148 | D:1      | Found a faded altar of an unknown god.
  1424 | D:2      | Noticed Sigmund
  1458 | D:2      | Reached XP level 3. HP: 20/20 MP: 9/11
  1462 | D:2      | Learned a level 3 spell: Mephitic Cloud
  1465 | D:2      | Learned a level 2 spell: Call Imp
  1468 | D:2      | Learned a level 2 spell: Blink
  1472 | D:2      | Learned a level 3 spell: Conjure Flame
  2188 | D:2      | Killed Sigmund
  2189 | D:2      | Reached skill level 1 in Fighting
  2189 | D:2      | Reached skill level 1 in Armour
  2189 | D:2      | Reached skill level 6 in Spellcasting
  2189 | D:2      | Reached XP level 4. HP: 8/26 MP: 5/14
  2189 | D:2      | Reached XP level 5. HP: 9/30 MP: 5/15
  2882 | D:3      | Noticed Grinder
  3021 | D:3      | Found a glowing drain.
  3033 | Sewer    | Entered a sewer
  3137 | Sewer    | Reached skill level 1 in Necromancy
  3137 | Sewer    | Reached XP level 6. HP: 35/35 MP: 7/17
  3408 | Sewer    | Reached skill level 7 in Spellcasting
  3733 | Sewer    | Reached skill level 1 in Shields
  3862 | Sewer    | Learned a level 5 spell: Bolt of Magma
  3992 | D:3      | Reached skill level 1 in Fire Magic
  4123 | D:3      | Noticed Jessica
  4134 | D:3      | Killed Jessica
  4261 | D:3      | You fall into a shaft and drop 3 floors!
  4261 | D:6      | Noticed Menkaure
  4261 | D:6      | Noticed an orc warrior
  4269 | D:5      | Entered Level 5 of the Dungeon
  4726 | D:5      | Found Luzopiwah's Distillery.
  4759 | D:5      | Reached skill level 1 in Air Magic
  4759 | D:5      | Reached XP level 7. HP: 30/39 MP: 16/20
  4996 | D:3      | Paralysed by Grinder for 6 turns
  5009 | D:3      | Killed Grinder
  5010 | D:3      | Reached skill level 8 in Spellcasting
  5010 | D:3      | Reached skill level 1 in Earth Magic
  5347 | D:4      | Found the +10 tower shield of Ignorance {rN+ Int-4}
  5410 | D:4      | Mangled by an ogre

Illustrated notes

Levels and vault maps discovered:
D:1:      dpeg_arrival_rooms_b, layout_rooms,
          hellmonk_ecumenical_altar_dog_temple, hangedman_feature_mirror,
          minmay_pentomino_u4
D:2:      layout_basic, minmay_misc_feat_cross, uniq_sigmund
D:3:      layout_rooms, cheibrodos_sewer_entry_drain, uniq_grinder, uniq_jessica
D:4:      layout_cave_pools, gammafunk_ghost_arena, serial_shops,
          nicolae_shop_crystal, chequers_serial_rivers_micro_d,
          nrook_mini_backslash
D:5:      layout_gridville, nicolae_elyvilon_peaceful_grove, slow_altar_1,
          minmay_temple_entry_fiery, serial_shops, kennysheep_mini_moat,
          serial_co_window_serial, co_window_paths_a, co_window_paths_a,
          co_window_paths_a, co_window_of_opportunity_a, co_window_paths_a,
          co_window_of_opportunity_b, co_window_corner_b,
          co_window_of_opportunity_b, co_window_cross_3, co_window_4corner_b,
          minmay_misc_feat_roman
D:6:      layout_rooms, uniq_menkaure

Skill      XL: |  1  2  3  4  5  6  7 |
---------------+----------------------+-----
Spellcasting   | 5 6 7 8 |  8.5
Fighting       | 1 |  1.6
Armour         | 1 |  1.7
Conjurations   | 2 3 4 |  4.1
Necromancy     | 1 |  1.0
Shields        | 1 |  1.0
Fire Magic     | 1 |  1.0
Dodging        | 3 |  3.0
Air Magic      | 1 |  1.0
Stealth        | 3 |  3.2
Earth Magic    | 1 |  1.7
Summonings     | |  1.1
Translocations | |  1.1
Evocations     | |  0.5

Action                   |  1- 3 |  4- 6 |  7- 9 || total
-------------------------+-------+-------+-------++-------
Melee: Dagger            |    21 |       |       ||    21
       Scythe            |       |    35 |     6 ||    41
 Cast: Magic Dart        |    90 |   131 |    40 ||   261
       Mephitic Cloud    |     1 |     7 |     1 ||     9
       Conjure Flame     |     1 |     2 |     3 ||     6
       Call Imp          |       |     1 |       ||     1
       Blink             |       |     1 |     1 ||     2
Evoke: Wand              |       |       |     3 ||     3
 Stab: Confused          |     1 |     3 |       ||     4
       Sleeping          |       |     1 |       ||     1
       Paralysed         |       |       |     2 ||     2
Armor: Robe              |     7 |     1 |       ||     8
       Leather armour    |       |    16 |       ||    16
Dodge: Dodged            |    31 |    42 |     5 ||    78

Table legend: (Time is in decaauts)
 A = Elapsed time spent in this place.
 B = Non-inter-level travel time spent in this place.
 C = Inter-level travel time spent in this place.
 D = Time resting spent in this place.
 E = Time spent auto-exploring this place.
 F = Levels seen in this place.
 G = Mean time per level.
                   A        B        C        D        E       F      G
               +--------+--------+--------+--------+--------+-----+--------+
         Total |   5506 |   5330 |    176 |    417 |   4081 |   7 |  786.6 |
       Dungeon |   4484 |   4308 |    176 |    379 |   3355 |   6 |  747.3 |
         Sewer |   1022 |   1022 |      0 |     38 |    726 |   1 | 1022.0 |
               +--------+--------+--------+--------+--------+-----+--------+

Top non-repeatable levels by time:
     D:1: 1474 daAuts
     D:2: 1437 daAuts
   Sewer: 1022 daAuts
     D:3: 879 daAuts
     D:5: 512 daAuts
     D:4: 171 daAuts
     D:6: 7 daAuts
